 Dungeon Crawl Stone Soup version 0.31-a0-145-g046c7d2549 (webtiles) character file.

Game seed: 2870886021258950149

93 NateTC the Ruffian (level 4, 0/45 HPs)
             Began as a Troll Fighter on June 6, 2023.
             Slain by a gnoll
             ... wielding a +0 spear
              (4 damage)
             ... on level 3 of the Dungeon.
             The game lasted 00:04:11 (1671 turns).

NateTC the Ruffian (Troll Fighter)                  Turns: 1671, Time: 00:04:12

Health: 0/45       AC:  4    Str: 24    XL:     4   Next: 37%
Magic:  3/3        EV:  8    Int: 13    God:
Gold:   100        SH:  7    Dex:  7    Spells: 3/3 levels left

rFire   + .          .
                       - Unarmed
rCold   . . .        b - +0 kite shield
rNeg    . . .        a - +0 robe
rPois   .            (helmet restricted)
rElec   +            (no cloak)
rCorr   .            (gloves unavailable)
SInv    +            (boots unavailable)
Will    .....        e - amulet "Athec" {RegenMP rElec Int+7 Dex-2}
Stlth   +            g - ring of see invisible
HPRegen 1.07/turn    l - ring of protection from fire
MPRegen 0.48/turn

%: no passive effects
@: no status effects
A: large, unfitting armour, claws 3, regeneration 1, shaggy fur 1, tough skin 1
a: no special abilities


You were on level 3 of the Dungeon.
You visited 1 branch of the dungeon, and saw 3 of its levels.

You collected 100 gold pieces.

Inventory:

Armour
 a - a +0 robe (worn)
 b - a +0 kite shield (worn)
Jewellery
 e - the amulet "Athec" (around neck) {RegenMP rElec Int+7 Dex-2}
   (You acquired it on level 2 of the Dungeon)

   [amulet of magic regeneration]

   It increases your rate of magic regeneration.
   Int:       It affects your intelligence (+7).
   Dex:       It affects your dexterity (-2).
   rElec:     It insulates you from electricity.
 g - a ring of see invisible (left claw)
 l - a ring of protection from fire (right claw)
Scrolls
 d - a scroll of enchant weapon
 n - a scroll of magic mapping
 o - a scroll of amnesia {unknown}
Potions
 c - a potion of might
 f - 2 potions of resistance
 h - a potion of haste
 i - 3 potions of lignification
 j - 2 potions of invisibility
 k - a potion of mutation
 m - a potion of heal wounds {unknown}


   Skills:
 + Level 3.0 Fighting
 - Level 2.4 Dodging
 + Level 3.2 Shields
 * Level 3.6 Unarmed Combat


You had 3 spell levels left.
You didn't know any spells.
Your spell library contained the following spells:

 Spells                   Type           Power      Damage    Failure   Level
 Iskenderun's Battlesphe  Conj           0%         2d6       100%        5
 Leda's Unmaking          Conj/Erth      0%         9d1       100%        6
 Spellforged Servitor     Conj/Summ      0%         N/A       100%        7


Dungeon Overview and Level Annotations

Branches:
Dungeon (3/15) Zot: 16322

Altars:
Xom


Innate Abilities, Weirdness & Mutations

You are too large for most types of armour.
You have claws for hands.
Your natural rate of healing is unusually fast.
You are covered in fur. (AC +1)
You have tough skin. (AC +1)


Message History

Your Fighting skill increases to level 3!
Found a sapphire potion.
You closely miss the gnoll. The gnoll closely misses you.
The gnoll attacks as you move away! The gnoll hits you with a +0 club.
You scratch the gnoll.
The gnoll is moderately wounded.
The gnoll hits you with a +0 club.
You see here 2 stones.
The gnoll attacks as you move away! You block the gnoll's attack.
You barely miss the gnoll.
The gnoll is moderately wounded.
The gnoll hits you with a +0 club.
You barely miss the gnoll.
The gnoll is moderately wounded.
The gnoll hits you from afar with a +0 spear.
The gnoll barely misses you. The gnoll barely misses you.
The gnoll closely misses you.
You scratch the gnoll but do no damage.
The gnoll is severely wounded.
You block the gnoll's attack. The gnoll hits you with a +0 spear.
* * * LOW HITPOINT WARNING * * *
You closely miss the gnoll.
The gnoll is severely wounded.
The gnoll hits you but does no damage. x2
You closely miss the gnoll.
The gnoll is severely wounded.
The gnoll hits you but does no damage. The gnoll hits you with a +0 spear.
You closely miss the gnoll.
The gnoll is severely wounded.
The gnoll hits you with a +0 club.
* * * LOW HITPOINT WARNING * * *
The gnoll barely misses you.
You scratch the gnoll but do no damage.
The gnoll is severely wounded.
The gnoll hits you with a +0 club.
* * * LOW HITPOINT WARNING * * *
The gnoll hits you with a +0 spear.
* * * LOW HITPOINT WARNING * * *
The gnoll hits you from afar with a +0 spear.
You die...

#....# #..............#
#.<..#######..#.......##
#).........#.......#..#
#...........#..........#
#.....##.##.#.)#.#####.#
#.###.##...........# #.#
#. #.##.####))#>#.# #.#
.. ..##.#####)#.#.###.#
...
#.##.....@g..#.....####
#.###.####............#
#g########.#.#
#.#........#.#
#.#.########.#
#.#........#.#
###.########.#.#
#...#........#.#
#!##.#.#.########.#


You could see 2 gnolls.

Vanquished Creatures
  An orc priest (D:3)
  2 gnolls (D:3)
  2 worms
  A dart slug (D:2)
  4 orcs (D:3)
  6 ball pythons
  6 bats
  An endoplasm (D:2)
  2 goblins
  2 hobgoblins
  5 kobolds
  2 quokkas
  3 rats
37 creatures vanquished.

Notes
Turn   | Place    | Note
-------+----------+-------------------------------------------
     0 | D:1      | NateTC the Troll Fighter began the quest for the Orb.
     0 | D:1      | Reached XP level 1. HP: 22/22 MP: 0/0
    41 | D:1      | Found a shimmering altar of Xom.
   217 | D:1      | Reached XP level 2. HP: 28/29 MP: 1/1
   887 | D:2      | Found a faded altar of an unknown god.
  1284 | D:2      | Reached XP level 3. HP: 36/36 MP: 2/2
  1401 | D:2      | Identified a scroll of acquirement
  1401 | D:2      | Acquired the amulet "Athec" {RegenMP rElec Int+7 Dex-2}
  1475 | D:3      | Reached XP level 4. HP: 26/44 MP: 3/3
  1671 | D:3      | Slain by a gnoll

Illustrated notes

Levels and vault maps discovered:
D:1:      dpeg_arrival_lava_altar, layout_loops_cross
D:2:      layout_basic, hellmonk_ecumenical_altar_arch_garden
D:3:      layout_basic, worldfamousw_hep_ancestral_shrine, minivault_23,
          minivault_27, kennysheep_donut, uniq_natasha

Skill      XL: |  1  2  3  4 |
---------------+-------------+-----
Shields        | 3 |  3.2
Unarmed Combat | 3 |  3.6
Fighting       | 3 |  3.0
Dodging        | |  2.4

Action                     |  1- 3 |  4- 6 || total
---------------------------+-------+-------++-------
  Melee: Unarmed           |    64 |    43 ||   107
    Use: Scroll            |     8 |     2 ||    10
   Stab: Sleeping          |     1 |       ||     1
 Armour: Robe              |    21 |    11 ||    32
  Dodge: Dodged            |    25 |    19 ||    44
  Block: Kite shield       |    25 |    22 ||    47

Table legend: (Time is in decaauts)
 A = Elapsed time spent in this place.
 B = Non-inter-level travel time spent in this place.
 C = Inter-level travel time spent in this place.
 D = Time resting spent in this place.
 E = Time spent auto-exploring this place.
 F = Levels seen in this place.
 G = Mean time per level.
                   A        B        C        D        E       F      G
               +--------+--------+--------+--------+--------+-----+--------+
         Total |   1676 |   1638 |     38 |      0 |   1208 |   3 |  558.7 |
       Dungeon |   1676 |   1638 |     38 |      0 |   1208 |   3 |  558.7 |
               +--------+--------+--------+--------+--------+-----+--------+

Top non-repeatable levels by time:
     D:2: 750 daAuts
     D:1: 683 daAuts
     D:3: 242 daAuts
